 Dungeon Crawl Stone Soup version 0.23.2 (webtiles) character file.

Game seed: 15970144825237486796

14042 Borgoz the Slicer (level 12, -4/82 HPs)
             Began as a Halfling Fighter on Apr 9, 2019.
             Was a Priest of Ashenzari.
             Slain by a spiny frog (18 damage)
             ... on level 1 of the Lair of Beasts.
             The game lasted 00:27:58 (12630 turns).

Borgoz the Slicer (Halfling Fighter)               Turns: 12630, Time: 00:27:58

Health: -4/82      AC: 12    Str: 17    XL:     12   Next: 40%
Magic:  15/15      EV: 19    Int:  7    God:    Ashenzari [***...]
Gold:   734        SH: 14    Dex: 26    Spells: 11/11 levels left

rFire    . . .     SeeInvis +   A - +6 mace "Murmur" {venom, MR- Dex+8 Stlth+}
rCold    . . .     Gourm    .   c - +1 shield
rNeg     . . .     Faith    .   E - +1 scale mail
rPois    .         Spirit   .   (no helmet)
rElec    .         Reflect  .   (no cloak)
rCorr    .         Harm     .   q - +1 pair of gloves
MR       .....                  (no boots)
Stlth    +++.......             r - amulet of regeneration
HPRegen  0.63/turn              y - ring of protection from magic
MPRegen  0.14/turn              I - ring of see invisible

@: studying Bows
A: small, mutation resistance 1
a: Curse Item, Scrying, Renounce Religion


You were on level 1 of the Lair of Beasts.
You worshipped Ashenzari.
Ashenzari was most pleased with you.
You were not hungry.

You visited 3 branches of the dungeon, and saw 14 of its levels.

You collected 734 gold pieces.

Inventory:

Hand Weapons
 a - a +1 dagger of venom
 b - a +2 dagger of speed
 e - a +0 dagger of freezing
 j - a +0 rapier
 A - the +6 mace "Murmur" (weapon) {venom, MR- Dex+8 Stlth+}
   (You found it on level 7 of the Dungeon)

   It poisons the flesh of those it strikes.
   It affects your dexterity (+8).
   It affects your resistance to hostile enchantments.
   It makes you more stealthy.
Missiles
 H - 8 tomahawks (quivered)
Armour
 c - a +1 shield (worn)
 o - the +6 ring mail of the Tired Eyes {+Fly rCorr Slay-6}
   (You took it off an orc on level 10 of the Dungeon)

   It affects your accuracy and damage with ranged weapons and melee attacks
   (-6).
   It lets you fly.
   It provides partial protection from all sources of acid and corrosion.
 q - a +1 pair of gloves (worn)
 E - a +1 scale mail (worn)
 M - +0 steam dragon scales
Jewellery
 h - an uncursed amulet of the acrobat
 i - an uncursed ring of magical power
 l - an uncursed ring of flight
 r - an amulet of regeneration (around neck)
 w - an uncursed ring of ice
 y - a ring of protection from magic (left hand)
 z - an uncursed amulet of guardian spirit
 B - the amulet of Ulipebb Qoax {Acrobat -Tele rC+++ Int-2 Dex+7}
   (You took it off an orc on level 4 of the Dungeon)

   [amulet of the acrobat]

   It helps you evade while moving and waiting.
   It affects your intelligence (-2).
   It affects your dexterity (+7).
   It renders you almost immune to cold.
   It prevents most forms of teleportation.
 C - an uncursed amulet of harm
 I - a ring of see invisible (right hand)
Wands
 g - a wand of acid (16)
 s - a wand of polymorph (5)
 v - a wand of iceblast (8)
 D - a wand of flame (43)
Scrolls
 k - a scroll of amnesia
 m - 7 scrolls of remove curse
 n - a scroll of enchant weapon {unknown}
 p - a scroll of teleportation
 t - 2 scrolls of identify
 x - 3 scrolls of fog
Potions
 u - 3 potions of flight
 G - 3 potions of mutation
 K - 3 potions of magic
 L - a potion of lignification
Books
 N - a manual of Bows
Comestibles
 f - 26 rations
 F - 2 chunks of flesh


   Skills:
 + Level 8.0 Fighting
 + Level 10.2 Short Blades
 + Level 9.6 Armour
 + Level 9.0 Dodging
 + Level 3.2 Stealth
 + Level 9.7 Shields
 + Level 4.9 Evocations


You had 11 spell levels left.
You didn't know any spells.
Your spell library was empty.

Dungeon Overview and Level Annotations

Branches:
Dungeon (12/15)            Temple (1/1) D:6            Lair (1/6) D:10
    Orc: D:9-12

Altars:
Ashenzari
Cheibriados
Dithmenos
Elyvilon
Fedhas
Gozag
Hepliaklqana
Kikubaaqudgha
Makhleb
Nemelex Xobeh
Okawaru
Qazlal
Ru
Sif Muna
Trog
Uskayaw
Vehumet
Wu Jian
Xom
Yredelemnul
Zin
The Shining One

Annotations:
D:12 Azrael


Innate Abilities, Weirdness & Mutations

You are small and have problems with some larger weapons.
You are somewhat resistant to further mutation.


Message History

The spiny frog is severely wounded.
You feel very sick. You block the spiny frog's attack.
The spiny frog stings you.
You are lethally poisoned!
The spiny frog poisons you!
You hit the spiny frog but do no damage.
The spiny frog is severely wounded.
You feel very sick. The spiny frog stings you!
* * * LOW HITPOINT WARNING * * *
* * * LOW HITPOINT WARNING * * *
You feel very sick. You block the spiny frog's attack.
You see here a scroll of remove curse.
* * * LOW HITPOINT WARNING * * *
You feel very sick.
Evoke which item? (* to show all) (? for menu, Esc to quit)
Okay, then.
You feel better. The spiny frog stings you!!
You die...

#....#### , #(...#
#..#.###)## * #....#
#.......... ##....#
#.......... #.....#
##.......... ##....#
#...........
#.....#########..........
##................)......,
#..............@F........
,, ,
#####.#####.######.#.####
### ### *##*


You could see a spiny frog.

Vanquished Creatures
  Erica (D:9)
  A two-headed ogre (D:10)
  2 ugly things (D:11)
  Joseph (D:7)
  7 gargoyles
  The ghost of lysyklops the Covered, an amateur MiFi (D:5)
  2 trolls
  Prince Ribbit (D:8)
  A hippogriff (D:10)
  3 wraiths
  6 yaks
  Grum (D:9)
  A steam dragon (D:7)
  Menkaure (D:7)
  A water moccasin (Lair:1)
  2 orc warriors
  2 sky beasts
  4 ice beasts
  A black bear (D:10)
  5 ogres
  A phantom (D:8)
  A necrophage (D:7)
  2 wolves (D:8)
  11 centaurs
  2 crocodiles
  5 big kobolds
  An elf zombie (D:7)
  11 bullfrogs
  A gnoll sergeant (D:8)
  3 wyvern skeletons
  6 scorpions
  A wight (D:7)
  10 killer bees
  A howler monkey (D:9)
  3 crimson imps
  7 hounds
  4 human zombies (D:7)
  2 jellies (D:11)
  7 orc wizards
  7 orc priests
  A centaur skeleton (D:5)
  4 iguanas
  Jessica (D:4)
  A human skeleton (D:7)
  Ijyb (D:4)
  Natasha (thrice) (D:4)
  3 bullfrog skeletons
  12 worker ants
  3 mummies (D:7)
  A worker ant zombie (D:10)
  10 gnolls (D:8)
  13 adders
  A shadow imp (D:9)
  An ooze (D:3)
  2 adder skeletons
  2 adder zombies
  2 worms (D:2)
  A dart slug (D:1)
  2 leopard geckos
  36 orcs
  A ball python (D:2)
  11 giant cockroaches
  9 goblins
  9 hobgoblins
  5 jackals
  4 quokkas
  9 bats
  5 frilled lizards
  A giant cockroach zombie (D:6)
  33 kobolds
  An orc zombie (D:7)
  2 quokka skeletons
  5 rats
325 creatures vanquished.

Vanquished Creatures (others)
  An adder (D:9)
1 creature vanquished.

Grand Total: 326 creatures vanquished

Notes
Turn   | Place    | Note
-------+----------+-------------------------------------------
     0 | D:1      | Borgoz the Halfling Fighter began the quest for the Orb.
     0 | D:1      | Reached XP level 1. HP: 15/15 MP: 1/1
    72 | D:1      | Reached XP level 2. HP: 18/20 MP: 2/2
   317 | D:1      | Reached XP level 3. HP: 24/25 MP: 3/3
   327 | D:1      | Reached skill level 1 in Dodging
   850 | D:2      | Reached skill level 3 in Short Blades
   890 | D:2      | Noticed a scorpion
   898 | D:2      | Killed a scorpion
   898 | D:2      | Reached XP level 4. HP: 24/31 MP: 4/4
   971 | D:2      | Reached XP level 5. HP: 25/36 MP: 5/5
  1062 | D:2      | Found a shattered altar of Ashenzari.
  1073 | D:2      | Became a worshipper of Ashenzari the Shackled
  1957 | D:3      | Reached * piety under Ashenzari
  2220 | D:3      | Reached XP level 6. HP: 26/42 MP: 6/6
  2523 | D:4      | Reached skill level 4 in Short Blades
  2674 | D:4      | Identified the amulet of Ulipebb Qoax {Acrobat -Tele rC+++
                  | Int-2 Dex+7}
  2676 | D:4      | Noticed Natasha
  2705 | D:4      | Killed Natasha
  2829 | D:4      | Noticed Ijyb
  2845 | D:4      | Killed Ijyb
  2962 | D:4      | Found a sparkling altar of Nemelex Xobeh.
  2962 | D:4      | Noticed Jessica
  2968 | D:4      | Killed Jessica
  2968 | D:4      | Reached XP level 7. HP: 47/47 MP: 7/7
  3197 | D:4      | Noticed Natasha
  3207 | D:4      | Killed Natasha
  3256 | D:4      | Noticed Natasha
  3270 | D:4      | Killed Natasha
  3435 | D:5      | Entered Level 5 of the Dungeon
  3464 | D:4      | Reached skill level 5 in Shields
  3478 | D:4      | Reached skill level 5 in Armour
  3533 | D:5      | Reached skill level 5 in Short Blades
  3558 | D:5      | Reached XP level 8. HP: 49/54 MP: 8/8
  3750 | D:5      | Found a hazy altar of Hepliaklqana.
  4081 | D:5      | Found a runed translucent gate.
  4081 | D:5      | Found a runed translucent gate.
  4081 | D:5      | Found an opulent altar of Gozag.
  4081 | D:5      | Found a runed translucent gate.
  4082 | D:5      | Noticed lysyklops's ghost (amateur MiFi)
  4207 | D:5      | Reached skill level 6 in Short Blades
  4238 | D:5      | Killed lysyklops's ghost
  4238 | D:5      | Reached skill level 5 in Fighting
  4238 | D:5      | Reached skill level 5 in Dodging
  4238 | D:5      | Reached XP level 9. HP: 30/61 MP: 9/9
  5000 | D:6      | Found a staircase to the Ecumenical Temple.
  5018 | Temple   | Entered the Ecumenical Temple
  5434 | D:7      | Noticed Menkaure
  5437 | D:7      | Reached skill level 7 in Short Blades
  5476 | D:7      | Killed Menkaure
  5747 | D:7      | Got the mace "Murmur" {venom, MR- Dex+8 Stlth+}
  5748 | D:7      | Identified the +6 mace "Murmur" {venom, MR- Dex+8 Stlth+}
                  | (You found it on level 7 of the Dungeon)
  5807 | D:7      | Reached XP level 10. HP: 60/66 MP: 10/10
  6052 | D:7      | Found an ancient bone altar of Kikubaaqudgha.
  6270 | D:7      | Found a bloodstained altar of Trog.
  6291 | D:7      | Found a white marble altar of Elyvilon.
  6294 | D:7      | Found an ornate altar of the Wu Jian Council.
  6376 | D:7      | Noticed Joseph
  6409 | D:7      | Killed Joseph
  6409 | D:7      | Reached skill level 8 in Short Blades
  6933 | D:7      | Reached skill level 1 in Evocations
  7142 | D:8      | Noticed a gargoyle
  7177 | D:8      | Killed a gargoyle
  7261 | D:8      | Noticed a gargoyle
  7276 | D:8      | Killed a gargoyle
  7571 | D:8      | Reached XP level 11. HP: 74/74 MP: 12/12
  7585 | D:8      | Noticed Prince Ribbit
  7600 | D:8      | Reached ** piety under Ashenzari
  7740 | D:8      | Killed Prince Ribbit
  7959 | D:8      | Reached skill level 9 in Short Blades
  8495 | D:10     | Entered Level 10 of the Dungeon
  8495 | D:10     | Found a staircase to the Lair.
  8515 | D:10     | Noticed a two-headed ogre
  8773 | D:9      | Noticed Grum
  8854 | D:9      | Killed Grum
  9191 | D:9      | Noticed Erica
  9222 | D:9      | Killed Erica
  9607 | D:10     | Killed a two-headed ogre
 10534 | D:8      | Reached skill level 1 in Stealth
 10580 | D:8      | Reached XP level 12. HP: 74/82 MP: 15/15
 10762 | D:10     | Identified the +6 ring mail of the Tired Eyes {+Fly rCorr
                  | Slay-6}
 11052 | D:10     | Reached skill level 10 in Short Blades
 12255 | D:12     | Noticed Azrael
 12429 | Lair:1   | Entered Level 1 of the Lair of Beasts
 12503 | Lair:1   | Reached *** piety under Ashenzari
 12630 | Lair:1   | Slain by a spiny frog

Skill      XL: |  1  2  3  4  5  6  7  8  9 10 11 12 |
---------------+-------------------------------------+-----
Dodging        | 1 2 3 5 6 7 8 9 |  9.0
Fighting       | 3 4 5 6 7 8 |  8.0
Short Blades   | 3 4 5 6 7 8 9 10 | 10.2
Shields        | 4 5 6 7 8 9 |  9.7
Armour         | 4 5 6 7 8 9 |  9.6
Evocations     | 2 4 |  4.9
Stealth        | 1 3 |  3.2

Action                   |  1- 3 |  4- 6 |  7- 9 | 10-12 || total
-------------------------+-------+-------+-------+-------++-------
Melee: Rapier            |    28 |       |       |   134 ||   162
       Dagger            |    75 |   237 |   383 |  1330 ||  2025
       Mace              |       |       |     8 |   238 ||   246
Throw: Throwing net      |       |       |       |     1 ||     1
       Tomahawk          |       |       |       |     1 ||     1
Evoke: Wand              |       |       |       |    15 ||    15
  Use: Scroll            |     1 |     3 |     3 |    17 ||    24
       Potion            |       |       |     5 |    15 ||    20
 Stab: Paralysed         |       |       |       |     5 ||     5
       Sleeping          |       |       |       |     4 ||     4
       Held in net/web   |       |       |       |     2 ||     2
  Eat: Chunk             |       |     7 |     6 |    21 ||    34
       Ration            |       |       |     1 |     1 ||     2
Armor: Scale mail        |    24 |    70 |    74 |   236 ||   404
Dodge: Dodged            |    38 |    86 |   136 |   664 ||   924
Block: Shield            |    54 |   107 |   151 |   913 ||  1225
